INCUS, neutral male human Wizard ----------- ##-.........| ------ # |.........| |....| # ------|---- |....| # # |....| | ############ #.....| |..........- #############################--|--- | # # ###### # # # ## # # # I # # # # # -------- # |#### ### # ........-# ....| # # ---.---.---- |.......|##I .....`...| ####...........| |.....^..I --------- # |..........| --------- +......<...| ------------ INCUS the Conjurer Experience level: 5 Strength: 14 Dexterity: 14 Constitution: 14 Intelligence: 17 Wisdom: 11 Charisma: 9 Health: 0(34) Energy: 3(32) Def: 2 Gold: 261 Moves: 3407 Dungeon seed: t-eGNk3npTwT_lXe Game ID: INCUS_1512067872 Your Inventory: Coins $ - 261 gold pieces Weapons a - a blessed +1 quarterstaff (weapon in hands) o - 16 +0 darts (in quiver) x - a blessed +1 dagger A - a +0 orcish dagger B - a cursed -1 dagger Armor e - an uncursed +0 cloak of magic resistance (being worn) p - an uncursed +0 cloak of protection q - an uncursed +0 orcish helm (being worn) y - an uncursed +0 dwarvish cloak N - an uncursed +0 orcish helm Z - an uncursed +0 dented pot Comestibles D - 4 uncursed food rations K - an uncursed tripe ration O - 2 uncursed slime molds R - an uncursed tin of large kobold meat T - an uncursed cream pie Scrolls i - an uncursed scroll of confuse monster j - an uncursed scroll of taming k - an uncursed scroll of scare monster s - an uncursed scroll of identify F - a blessed scroll of remove curse G - 2 uncursed scrolls of blank paper H - a blessed scroll of blank paper P - 2 uncursed scrolls of earth Spellbooks l - a blessed spellbook of force bolt m - an uncursed spellbook of healing Potions f - an uncursed potion of water g - an uncursed potion of water h - an uncursed potion of oil v - an uncursed potion of healing w - an uncursed potion of sickness C - an uncursed potion of fruit juice I - a cursed potion of confusion Q - an uncursed potion of speed Rings c - an uncursed ring of shock resistance (on left hand) d - an uncursed +1 ring of gain constitution (on right hand) M - a cursed -2 ring of protection S - an uncursed ring of shock resistance Wands b - a wand of cold (0:4) t - a wand of speed monster (0:4) L - a wand of nothing (0:5) W - a wand of cancellation (0:4) Y - a wand of create monster (0:14) Tools n - a magic marker (0:64) u - an expensive camera (0:48) Gems r - an uncursed flint stone z - an uncursed worthless piece of green glass Spells and supernatural/magical abilities: Name Level Category Fail Memory a - force bolt 1 attack 0% 83% h - healing 1 healing 0% 83% W - pray for help -- divine ? -- Your skills at the end: Fighting Skills Weapon Skills quarterstaff [Basic] Spellcasting Skills attack spells [Basic] enchantment spells [Basic] Final Attributes: You were fervently aligned. You were shock resistant. You were poison resistant. You were magic-protected. You were blinded. You were fast. You were unlucky. You are dead. Vanquished creatures: a blue jelly an ape a pony a gnomish wizard a golden naga hatchling a guardian naga hatchling a paper golem 2 giant ants a floating eye a dwarf a homunculus a kobold lord an iguana 2 coyotes 2 hobbits a brown mold 3 yellow molds 3 gnome zombies 2 geckos 4 jackals a fox 2 kobolds 5 goblins 3 sewer rats a grid bug 2 bats 2 lichens a kobold zombie 4 newts 52 creatures vanquished. Voluntary challenges: You had been an atheist until turn 3405. You used a wielded weapon 69 times, starting on turn 2. You were illiterate. You never genocided any monsters. You never polymorphed an object. You never changed form. You used no wishes. You never split a pudding. You never wrote Elbereth's name. You violated your moral code, losing 30 points of alignment, starting on turn 1584. Dungeon overview: The Dungeons of Doom: levels 1 to 7 Level 1 a long staircase Level 2 a long staircase Level 3 Level 4 Level 5 many fountains Level 6 stairs to Sokoban Level 7 <- You were here Sokoban: levels 4 to 5 Level 4 Level 5 stairs to The Dungeons of Doom History has recorded: On T:1 you entered the Dungeons of Doom to retrieve the Amulet of Yendor! On T:461 you reached level 2 of The Dungeons of Doom. On T:607 you reached level 3 of The Dungeons of Doom. On T:725 you advanced to experience level 2. On T:985 you reached level 4 of The Dungeons of Doom. On T:1089 you advanced to experience level 3. On T:1378 you advanced to experience level 4. On T:1490 you reached level 5 of The Dungeons of Doom. On T:1687 you reached level 6 of The Dungeons of Doom. On T:1885 you reached level 4 of Sokoban. On T:2074 you advanced to experience level 5. On T:2220 you reached level 3 of Sokoban. On T:3168 you reached level 7 of The Dungeons of Doom. Score breakdown: Gold: 261 ( 8226 points) Experience: 5 levels (11141 points) Exploration: 7 levels ( 15.22%) (10954 points) Discoveries: 2 items ( 0.69%) ( 2500 points) Valuables value: (no points given unless you survive) Artifact value: 0 ( 0 points) Variety of kills: 29 monsters ( 7.61%) ( 8276 points) Turncount: 3407 turns ( -787 points) Survival: died (score multiplied by 80%) Total score: 32248 Latest messages: You miss the giant ant. The giant ant bites! You hit the giant ant. The giant ant turns to flee! The raven bites! The raven blinds you! Wait! There's something there you can't see! It bites! (2x) You feel better. It bites! Wait! There's something there you can't see! It bites! The spell hits it. You can't see... You begin praying to Thoth. It bites! (4x) You die... Final status: Goodbye INCUS the Wizard, killed by a raven, while praying... You died in The Dungeons of Doom on dungeon level 7 with 32248 points, and 261 pieces of gold, after 3407 moves. You were level 5 with a maximum of 34 hit points when you died.